 Dungeon Crawl Stone Soup version 0.27-a0-1312-g5cdb2b3542 (webtiles) character file.

Game seed: 14454861999889303142

322 bilbop the Magician (level 6, -3/46 HPs)
             Began as a Mummy Summoner on June 20, 2021.
             Slain by an orc (5 damage)
             ... on level 4 of the Dungeon.
             The game lasted 00:33:59 (5783 turns).

bilbop the Magician (Mummy Summoner)                Turns: 5783, Time: 00:33:59

Health: -3/46      AC:  4    Str: 12    XL:     6   Next: 22%
Magic:  8/12       EV:  9    Int: 15    God:
Gold:   110        SH:  7    Dex: 13    Spells: 10/13 levels left

rFire    . . .     SeeInvis .   a - +0 dagger (freeze)
rCold    . . .     Faith    .   h - +0 kite shield
rNeg     + + +     Spirit   .   b - +0 robe
rPois    ∞         Reflect  .   (no helmet)
rElec    .         Harm     .   p - +0 cloak
rCorr    .         Rampage  .   (no gloves)
Will     .....                  f - +0 pair of boots
Stlth    ++........             (no amulet)
HPRegen  0.15/turn              c - ring of fire
MPRegen  0.13/turn              o - ring of wizardry

@: no status effects
A: cold resistance 1, negative energy resistance 3, torment resistance 2, heat
vulnerability 1, no potions
a: no special abilities


You were on level 4 of the Dungeon.
You visited 1 branch of the dungeon, and saw 4 of its levels.

You collected 110 gold pieces.

Inventory:

Hand Weapons
 a - a +0 dagger of freezing (weapon)
 e - a +0 short sword
Armour
 b - a +0 robe (worn)
 f - a +0 pair of boots (worn)
 h - a +0 kite shield (worn)
 p - a +0 cloak (worn)
Jewellery
 c - a ring of fire (left hand)
 o - a ring of wizardry (right hand)
Wands
 l - a wand of flame (17)
 n - a wand of digging (2)
Scrolls
 d - a scroll of magic mapping {unknown}
 g - a scroll of amnesia {unknown}
 i - a scroll of enchant weapon {unknown}
 j - 2 scrolls of teleportation {unknown}
 k - a scroll of enchant armour {unknown}
 m - a scroll of noise {unknown}


   Skills:
 + Level 2.5 Fighting
 + Level 0.3 Short Blades
 + Level 2.7 Dodging
 + Level 3.0 Stealth
 + Level 0.4 Shields
 + Level 4.2 Spellcasting
 + Level 4.0 Summonings


You had 10 spell levels left.
You knew the following spells:

 Your Spells              Type           Power      Damage    Failure   Level
a - Summon Small Mammal   Summ           60%        N/A       9%          1
b - Call Imp              Summ           15%        N/A       14%         2

Your spell library contained the following spells:

 Spells                   Type           Power      Damage    Failure   Level
 Call Canine Familiar     Summ           15%        N/A       26%         3
 Summon Guardian Golem    Hex/Summ       9%         N/A       50%         3
 Summon Ice Beast         Ice/Summ       9%         N/A       87%         4
 Summon Lightning Spire   Summ/Air       9%         N/A       87%         4


Dungeon Overview and Level Annotations

Branches:
Dungeon (4/15)
 Temple: D:4-7

Altars:
Gozag
Kikubaaqudgha
Trog
Wu Jian

Shops:
D:4 !


Innate Abilities, Weirdness & Mutations

You are immune to poison.
Your flesh is cold resistant. (rC+)
You are immune to negative energy. (rN+++)
You are immune to unholy pain and torment.
You are vulnerable to heat. (rF-)
You do not drink.


Message History

The orc barely misses you.
The orc closely misses your crimson imp.
Your crimson imp misses the orc wizard.
The orc wizard gestures at you while chanting.
The magic dart hits you.
Your crimson imp hits the orc.
You block the orc's attack.
The orc closely misses your crimson imp.
You hit the orc wizard but do no damage.
The orc wizard is moderately wounded.
Your crimson imp disappears in a puff of smoke!
Your crimson imp barely misses the orc.
The orc wizard casts a spell.
The orc wizard flickers and vanishes!
Deactivating autopickup; reactivate with Ctrl-A.
The orc barely misses you. The orc misses your crimson imp.
Your crimson imp hits the orc.
Something hits you.
You closely miss something. The orc hits you with a +0 war axe!
The orc hits your crimson imp with a +0 war axe.
Your crimson imp barely misses the orc.
Something hits you.
You barely miss something. The orc hits you with a +0 war axe.
* * * LOW HITPOINT WARNING * * *
The orc closely misses your crimson imp.
Your crimson imp blinks!
Something hits you but does no damage.
You closely miss something. The orc hits you with a +0 war axe.
* * * LOW HITPOINT WARNING * * *
The orc misses your crimson imp.
The orc closely misses your crimson imp.
Your crimson imp hits the orc but does no damage.
Something hits you.
* * * LOW HITPOINT WARNING * * *
Your crimson imp completely misses the orc.
The orc hits you with a +0 war axe.
* * * LOW HITPOINT WARNING * * *
The orc barely misses your crimson imp. The orc misses your crimson imp.
You swap places.
Your crimson imp closely misses the orc.
Something hits your crimson imp but does no damage.
Your crimson imp barely misses the orc.
The orc hits you with a +0 war axe.
You die...

....#......!..........†..#.....##
....#....................#.....#.
....#..##........#.......#..#.##.
#).....##........#.......##.#.##.
^......##.....##.#.......##.#.##.
......###.....##............#<##.
......####...)...........##.#....
............<.{o5................
###............5@................
.##....).............#...........
.....................#........###
.###..........................#
.# #..................######..#
.# #.......#####.#........###.###
.# #.............##.............#
.# #.......##................>...
.# #.......##.......)............


You could see an orc (ally target) and 2 friendly crimson imps.

Vanquished Creatures
  An ogre (D:2)
  An orc wizard (D:4)
  3 adders
  An adder skeleton (D:4)
  3 dart slugs
  2 orcs (D:4)
  4 ball pythons
  2 bats (D:1)
  6 endoplasms
  3 giant cockroaches
  3 jackals (D:4)
  A kobold (D:2)
  2 quokkas
  A frilled lizard (D:1)
  2 goblins
35 creatures vanquished.

Vanquished Creatures (collateral kills)
  An ogre (D:4)
  A hound (D:4)
  A gnoll shaman (D:3)
  A bullfrog skeleton (D:4)
  2 orc wizards (D:4)
  3 gnolls (D:3)
  4 adders
  3 worms (D:2)
  A dart slug (D:4)
  2 orcs (D:3)
  5 ball pythons
  2 bats (D:2)
  4 endoplasms
  2 goblins
  3 hobgoblins
  2 jackals (D:2)
  6 kobolds
  2 quokkas
  2 frilled lizards (D:1)
  2 rats
49 creatures vanquished.

Vanquished Creatures (others)
  3 plants (D:2)
3 creatures vanquished.

Grand Total: 87 creatures vanquished

Notes
Turn   | Place    | Note
-------+----------+-------------------------------------------
     0 | D:1      | bilbop the Mummy Summoner began the quest for the Orb.
     0 | D:1      | Reached XP level 1. HP: 13/13 MP: 4/4
   387 | D:1      | Found a faded altar of an unknown god.
   778 | D:1      | Reached XP level 2. HP: 14/20 MP: 2/5
  1778 | D:2      | Noticed an ogre
  2037 | D:2      | HP: 1/20 [ogre (19)]
  2038 | D:2      | Killed an ogre
  2039 | D:2      | Reached skill level 1 in Fighting
  2039 | D:2      | Reached XP level 3. HP: 1/26 MP: 0/7
  2039 | D:2      | Reached XP level 4. HP: 2/32 MP: 0/9
  2352 | D:2      | Learned a level 2 spell: Call Imp
  2573 | D:2      | You fall into a shaft and drop 2 floors!
  3180 | D:3      | Found a bloodstained altar of Trog.
  3219 | D:3      | Reached XP level 5. HP: 34/38 MP: 3/10
  3455 | D:3      | Found an opulent altar of Gozag.
  3490 | D:3      | Found an ancient bone altar of Kikubaaqudgha.
  5140 | D:4      | Noticed an ogre
  5164 | D:4      | Killed an ogre
  5165 | D:4      | Reached XP level 6. HP: 46/46 MP: 1/12
  5288 | D:4      | Found Efekit's Distillery.
  5356 | D:4      | Found an ornate altar of the Wu Jian Council.
  5506 | D:4      | Identified the +0 ring mail "Uhudeopp" {Fly rElec Int-4
                  | Dex+3}
  5782 | D:4      | HP: 1/46 [orc (4)]
  5783 | D:4      | Slain by an orc

Illustrated notes

Levels and vault maps discovered:
D:1:      dpeg_arrival_water_temple_mockup, layout_basic, basic_ecumenical_altar
D:2:      layout_loops_cross, serial_bayou_pond_d
D:3:      layout_rooms, nicolae_overflow_hidden_temple,
          nicolae_overflow_crystal_walls,
          nicolae_gozag_cash_rules_everything_around_me
D:4:      layout_basic, kennysheep_little_box, serial_shops,
          nicolae_shop_window_shopping, chequers_garden, grunt_decor_cap,
          mrwooster_statue_mirror, chequers_serial_rivers_micro_b

Skill      XL: |  1  2  3  4  5  6 |
---------------+-------------------+-----
Spellcasting   | 3 4 |  4.2
Fighting       | 1 2 |  2.5
Dodging        | 2 |  2.7
Stealth        | 2 3 |  3.0
Summonings     | 4 |  4.0
Short Blades   | |  0.3
Shields        | |  0.4

Action                   |  1- 3 |  4- 6 || total
-------------------------+-------+-------++-------
Melee: Short sword       |    30 |       ||    30
       Unarmed           |     1 |       ||     1
       Dagger            |     6 |   153 ||   159
 Cast: Summon Small Mamm |    53 |    70 ||   123
       Call Imp          |       |    36 ||    36
 Stab: Distracted        |     1 |     2 ||     3
       Sleeping          |     2 |     6 ||     8
Armor: Robe              |     9 |    70 ||    79
Dodge: Dodged            |    33 |   129 ||   162
Block: Kite shield       |       |     8 ||     8

Table legend: (Time is in decaauts)
 A = Elapsed time spent in this place.
 B = Non-inter-level travel time spent in this place.
 C = Inter-level travel time spent in this place.
 D = Time resting spent in this place.
 E = Time spent auto-exploring this place.
 F = Levels seen in this place.
 G = Mean time per level.
                   A        B        C        D        E       F      G
               +--------+--------+--------+--------+--------+-----+--------+
         Total |   5799 |   5585 |    214 |    977 |   3623 |   4 | 1449.8 |
       Dungeon |   5799 |   5585 |    214 |    977 |   3623 |   4 | 1449.8 |
               +--------+--------+--------+--------+--------+-----+--------+

Top non-repeatable levels by time:
     D:1: 2036 daAuts
     D:4: 1747 daAuts
     D:2: 1262 daAuts
     D:3: 752 daAuts
